 Dungeon Crawl Stone Soup version 0.21-a0-203-gb066a6e (webtiles) character file.

25097 Leszczynek the Grappler (level 12, 0/199 (202) HPs)
             Began as a Troll Skald on Aug 20, 2017.
             Was an Elder of Makhleb.
             Slain by Rupert
             ... wielding a +6 great mace of draining
              (16 damage)
             ... on level 5 of the Lair of Beasts.
             The game lasted 00:37:42 (7107 turns).

Leszczynek the Grappler (Troll Skald)               Turns: 7107, Time: 00:37:43

HP:   0/199 (202)   AC:  9    Str: 27    XL:     12   Next: 86%
MP:   16/16         EV: 16    Int: 12    God:    Makhleb [****..]
Gold: 422           SH:  0    Dex: 15    Spells: 0/13 levels left

rFire    . . .     SeeInvis +     - Unarmed
rCold    . . .     Gourm    +   (no shield)
rNeg     . . .     Faith    .   B - +2 troll leather armour
rPois    .         Spirit   .   (helmet restricted)
rElec    .         Reflect  .   (no cloak)
rCorr    .         Harm     .   (gloves unavailable)
MR       .....                  (boots unavailable)
Stlth    ..........             f - amulet of rage
HPRegen  1.23/turn              y - ring of stealth
MPRegen  0.15/turn              D - ring of see invisible

@: agile, berserking, heavily drained, very quick
A: unfitting armour, claws 3, fast metabolism 3, gourmand, regeneration 1,
robust 1, shaggy fur 1, tough skin 2
a: Minor Destruction, Lesser Servant of Makhleb, Major Destruction, Renounce
Religion, Evoke Berserk Rage


You were on level 5 of the Lair of Beasts.
You worshipped Makhleb.
Makhleb was greatly pleased with you.
You were very full.

You visited 2 branches of the dungeon, and saw 20 of its levels.
You also visited: Labyrinth and Sewer.

You collected 422 gold pieces.

Inventory:

Hand Weapons
 i - a -1 hunting sling
 w - a +1 blowgun
 W - a +1 hand crossbow of freezing
Missiles
 j - 3 javelins (quivered)
 k - 56 sling bullets
 s - 11 tomahawks
 N - 4 large rocks
Armour
 a - a +0 robe
 B - a +2 troll leather armour (worn)
Magical Staves
 K - an uncursed staff of energy
Jewellery
 f - an amulet of rage (around neck)
 y - a ring of stealth (left claw)
 D - a ring of see invisible (right claw)
 O - an uncursed amulet of the gourmand {unknown}
 V - an uncursed amulet of harm {unknown}
Wands
 m - a wand of acid (9/15)
 q - a wand of scattershot (6/9)
 I - a wand of polymorph (8/24)
Scrolls
 b - a scroll of recharging
 n - a scroll of enchant weapon
 o - a scroll of torment {unknown}
 p - 2 scrolls of teleportation
 r - 8 scrolls of remove curse {@r2}
 A - a scroll of holy word {!r}
 F - a scroll of immolation {unknown}
 P - a scroll of noise {unknown}
 Q - 2 scrolls of enchant armour
 S - a scroll of fear {unknown}
 X - a scroll of vulnerability {unknown}
Potions
 e - 3 potions of mutation {!q}
 g - a potion of agility
 l - 2 potions of haste
 t - 2 potions of invisibility
 u - 4 potions of heal wounds {@q2}
 x - 5 potions of flight
 z - 2 potions of curing {@q1}
 C - a potion of lignification {unknown}
 E - a potion of brilliance {unknown}
 R - 3 potions of might
 U - a potion of ambrosia {unknown}
Books
 H - a book of Geomancy

   Spells                             Type                      Level
   a - Sandblast                      Earth                        1
   b - Passwall                       Transmutation/Earth          2
   c - Stone Arrow                    Conjuration/Earth            3
   d - Petrify                        Transmutation/Earth          4
   e - Lee's Rapid Deconstruction     Earth                        5
 J - a book of the Dragon

   Spells                             Type                      Level
   a - Flame Tongue                   Conjuration/Fire             1
   b - Cause Fear                     Hexes                        4
   c - Bolt of Fire                   Conjuration/Fire             6
   d - Dragon Form                    Transmutation                7
   e - Dragon's Call                  Summoning                    9
 M - a book of Party Tricks

   Spells                             Type                      Level
   a - Summon Butterflies             Summoning                    1
   b - Apportation                    Translocation                1
   c - Lesser Beckoning               Translocation                3
   d - Tukima's Dance                 Hexes                        3
   e - Alistair's Intoxication        Transmutation/Poison         5
   f - Invisibility                   Hexes                        6
Miscellaneous
 L - a lamp of fire (inert)
Comestibles
 c - 13 fruits
 d - 8 bread rations
 h - 5 meat rations
 v - 4 royal jellies
 G - a chunk of flesh


   Skills:
 - Level 9.2(7.7) Fighting
 + Level 4.8(3.5) Dodging
 - Level 13.0(11.4) Unarmed Combat
 - Level 1.2(0.1) Spellcasting
 - Level 2.1(0.9) Charms
 * Level 5.3(3.9) Transmutations
 * Level 6.7(5.4) Earth Magic
 - Level 7.2(5.8) Invocations


You couldn't memorise any spells.
You knew the following spells:

 Your Spells              Type           Power        Failure   Level  Hunger
a - Song of Slaying       Chrm           #.......     36%         2    ###....
b - Shroud of Golubria    Chrm/Tloc      #.........   43%         2    ###....
c - Beastly Appendage     Tmut           #.....       7%          1    ##.....
d - Passwall              Tmut/Erth      ##........   8%          2    ###....
q - Regeneration          Chrm/Necr      #.........   67%         3    ####...
A - Apportation           Tloc           #.....       36%         1    ##.....
P - Swiftness             Chrm/Air       #.......     43%         2    ###....


Dungeon Overview and Level Annotations

Branches:
Dungeon (15/15)            Temple (0/1) D:7            Lair (5/6) D:8
  Swamp (0/4) Lair:4       Spider (0/4) Lair:2          Orc (0/2) D:11
  Slime: Lair:5-6    Vaults: D:13-14     Depths: D:15

Altars:
Ashenzari
Dithmenos
Makhleb
Okawaru
Trog

Annotations:
D:8 bees
D:14 hive
Lair:2 exclusion: 2 oklob plants
Lair:5 Rupert


Innate Abilities, Weirdness & Mutations

You are too large for most types of armour.
You have claws for hands.
Your metabolism is lightning-fast.
You like to eat raw meat.
Your natural rate of healing is unusually fast.
You are covered in fur. (AC +1)
You have very tough skin. (AC +2)
You are robust. (+10% HP)


Message History

You claw Rupert! You claw Rupert.
Rupert is heavily wounded.
You claw Rupert!
Rupert is heavily wounded.
Rupert completely misses you.
You eviscerate Rupert!!!
Rupert is severely wounded.
Your ynoxinul hits Rupert!
Your hellwing barely misses Rupert.
Your hellwing hits Rupert but does no damage.
You claw Rupert! You claw Rupert, but do no damage.
Rupert is almost dead.
Rupert hits you with a great mace of draining!
You feel drained.
Your ynoxinul closely misses Rupert.
Your hellwing closely misses Rupert. x2
You mangle Rupert!! Your claw misses Rupert.
Rupert is almost dead.
Rupert hits you with a great mace of draining!!!
* * * LOW HITPOINT WARNING * * *
You feel drained.
You die...

#.#........
................##....
###...P..P#...........P.
#......PP...........PP..
.
...P...#P...........PP.P
..
......................P.
h.
..........P>.....4......
................@....h..
...............3@.......
........................
........................
....................#.#.
..............#.#..#....
......b....#..#.........
#........รท#.P........##.
.....Y.....PP.b......##.
........P....)....P.....


You could see Rupert (berserk), a wolf, a friendly hellwing and a friendly
ynoxinul.

Vanquished Creatures
  Gastronok (Lair:1)
  A minotaur (Lab)
  A centaur warrior (D:15)
  3 two-headed ogres
  The ghost of namelastname112 the Tainter, a novice TeVM of Sif Muna (D:8)
  Nergalle (D:11)
  An unseen horror (D:13)
  2 manticores
  2 ugly things
  A cyclops (D:13)
  A gargoyle (D:11)
  4 spiny frogs
  2 centaur skeletons
  A rime drake (Lair:3)
  A komodo dragon (D:14)
  5 trolls
  A polar bear (Lair:4)
  4 slime creatures
  4 hippogriffs
  A meliai zombie (D:14)
  2 wyverns
  2 wraiths
  2 vampires
  7 yaks
  2 basilisks
  2 hungry ghosts
  4 vampire mosquitoes (D:13)
  3 swamp worms (Lair:2)
  6 water moccasins
  10 porcupines
  2 black bears
  An orc warrior (D:6)
  3 sky beasts
  2 necrophages (D:11)
  7 ogres
  24 wolves
  2 centaurs
  4 crocodiles
  2 big kobolds
  10 bullfrogs
  3 scorpions
  A killer bee (D:13)
  4 howler monkeys
  4 crimson imps
  A bullfrog zombie (D:10)
  A centaur zombie (D:6)
  2 bullfrog skeletons
  3 hounds
  2 orc priests
  2 jellies (D:8)
  2 iguanas
  2 worker ants
  7 orc wizards
  A killer bee zombie (D:8)
  A worker ant zombie (D:6)
  3 adders
  2 river rats (Sewer)
  2 shadow imps
  An ooze (D:1)
  An adder zombie (D:6)
  An adder skeleton (D:9)
  12 worms (Lair:2)
  A dart slug (D:1)
  A leopard gecko (D:11)
  18 orcs
  3 ball pythons
  A giant cockroach (D:5)
  2 jackals (Sewer)
  A quokka (D:11)
  3 bats
  2 frilled lizards
  13 kobolds
  5 rats
243 creatures vanquished.

Vanquished Creatures (collateral kills)
  2 hydras
  4 worms (Lair:2)
  2 plants (Lair:2)
8 creatures vanquished.

Vanquished Creatures (others)
  A fungus (Lair:5)
  A plant (Lair:2)
2 creatures vanquished.

Grand Total: 253 creatures vanquished

Notes
Turn   | Place    | Note
-------+----------+-------------------------------------------
     0 | D:1      | Leszczynek the Troll Skald began the quest for the Orb.
     0 | D:1      | Reached XP level 1. HP: 19/19 MP: 1/1
    45 | D:1      | Reached skill level 2 in Dodging
   119 | D:1      | Reached XP level 2. HP: 28/28 MP: 2/2
   226 | D:2      | Learned a level 2 spell: Shroud of Golubria
   282 | D:2      | Reached skill level 3 in Unarmed Combat
   304 | D:2      | Found a bloodstained altar of Trog.
   493 | D:5      | Entered Level 5 of the Dungeon
   498 | D:5      | Reached XP level 3. HP: 33/35 MP: 3/3
   518 | D:5      | Noticed a scorpion
   530 | D:5      | HP: 7/35 [scorpion (6)]
   532 | D:5      | Gained mutation: Your muscles are strong. (Str +2) [potion of mutation]
   532 | D:5      | Gained mutation: You are robust. (+10% HP) [potion of mutation]
   603 | D:4      | Killed a scorpion
   603 | D:4      | Reached skill level 4 in Unarmed Combat
   603 | D:4      | Reached XP level 4. HP: 46/46 MP: 1/4
   621 | D:5      | Noticed a centaur
   637 | D:6      | Noticed an ogre
   644 | D:6      | Killed an ogre
   644 | D:6      | Reached skill level 5 in Unarmed Combat
   644 | D:6      | Reached XP level 5. HP: 53/53 MP: 2/5
   654 | D:6      | Noticed an ogre
   688 | D:5      | Killed a centaur
   688 | D:5      | Reached skill level 6 in Unarmed Combat
   688 | D:5      | Reached XP level 6. HP: 30/62 MP: 6/6
   721 | D:5      | Found a shattered altar of Ashenzari.
   795 | D:5      | Found a burning altar of Makhleb.
   802 | D:5      | Became a worshipper of Makhleb the Destroyer
   931 | D:6      | Reached skill level 7 in Unarmed Combat
  1046 | D:6      | Noticed an orc warrior
  1131 | D:6      | Killed an orc warrior
  1131 | D:6      | Reached XP level 7. HP: 69/69 MP: 7/7
  1184 | D:6      | Reached skill level 8 in Unarmed Combat
  1242 | D:6      | Found a glowing drain.
  1254 | Sewer    | Entered a sewer
  1264 | Sewer    | Reached skill level 2 in Fighting
  1325 | Sewer    | Reached * piety under Makhleb
  1350 | Sewer    | Found a glowing silver altar of Zin.
  1483 | D:7      | Found a staircase to the Ecumenical Temple.
  1483 | D:7      | Noticed a hungry ghost
  1493 | D:7      | Killed a hungry ghost
  1493 | D:7      | Reached skill level 3 in Fighting
  1544 | D:7      | Reached XP level 8. HP: 76/82 MP: 8/8
  1600 | D:7      | Reached skill level 4 in Fighting
  1672 | D:8      | Noticed a hippogriff
  1685 | D:8      | Killed a hippogriff
  1685 | D:8      | Reached skill level 5 in Fighting
  1685 | D:8      | Reached skill level 9 in Unarmed Combat
  1794 | D:8      | Noticed a two-headed ogre
  1893 | D:9      | Found an iron altar of Okawaru.
  1934 | D:10     | Entered Level 10 of the Dungeon
  2058 | D:11     | Noticed a purple ugly thing
  2058 | D:11     | Noticed a hippogriff
  2107 | D:10     | Reached skill level 3 in Dodging
  2211 | D:11     | Found a staircase to the Orcish Mines.
  2223 | D:11     | Learned a level 3 spell: Regeneration
  2226 | D:11     | Learned a level 2 spell: Swiftness
  2230 | D:11     | Learned a level 2 spell: Song of Slaying
  2246 | D:11     | Noticed Nergalle
  2253 | D:11     | Killed Nergalle
  2253 | D:11     | Reached ** piety under Makhleb
  2253 | D:11     | Reached skill level 4 in Dodging
  2253 | D:11     | Reached XP level 9. HP: 97/97 MP: 6/9
  2267 | D:11     | Noticed a gargoyle
  2314 | D:11     | Killed a gargoyle
  2314 | D:11     | Reached skill level 1 in Invocations
  2344 | D:11     | Reached skill level 6 in Fighting
  2344 | D:11     | Reached skill level 2 in Invocations
  2402 | D:11     | Reached skill level 3 in Invocations
  2404 | D:12     | Noticed a troll
  2411 | D:12     | Killed a troll
  2411 | D:12     | Reached skill level 10 in Unarmed Combat
  2446 | D:12     | Noticed a manticore
  2461 | D:12     | Killed a manticore
  2461 | D:12     | Reached skill level 4 in Invocations
  2516 | D:12     | Noticed a deep elf mage
  2532 | D:11     | Reached XP level 10. HP: 88/109 MP: 12/12
  2592 | D:11     | Killed a purple ugly thing
  2636 | D:11     | Noticed a two-headed ogre
  2659 | D:11     | Reached skill level 5 in Invocations
  2662 | D:11     | Killed a two-headed ogre
  2681 | D:11     | Reached skill level 7 in Fighting
  2734 | D:12     | Noticed a two-headed ogre
  2758 | D:12     | Killed a two-headed ogre
  2758 | D:12     | Reached skill level 6 in Invocations
  2842 | D:13     | Noticed a cyan ugly thing
  2851 | D:13     | Killed a cyan ugly thing
  2862 | D:13     | Gained mutation: Your magical capacity is low. (-10% MP) [mutagenic meat]
  2932 | D:13     | Learned a level 1 spell: Beastly Appendage
  2945 | D:13     | Noticed a manticore
  2962 | D:13     | Reached skill level 7 in Invocations
  2985 | D:13     | Reached *** piety under Makhleb
  2985 | D:13     | Reached skill level 11 in Unarmed Combat
  3050 | D:13     | Noticed a two-headed ogre
  3082 | D:13     | Killed a two-headed ogre
  3082 | D:13     | Reached XP level 11. HP: 120/120 MP: 13/13
  3197 | D:14     | Reached skill level 8 in Fighting
  3429 | D:13     | Killed an unseen horror
  3556 | D:15     | Entered Level 15 of the Dungeon
  3575 | D:15     | Noticed a centaur warrior
  3596 | D:15     | Killed a centaur warrior
  3596 | D:15     | Reached skill level 12 in Unarmed Combat
  3611 | D:15     | Noticed a two-headed ogre
  3612 | D:15     | Noticed a two-headed ogre
  3666 | D:15     | Reached skill level 9 in Fighting
  3703 | D:15     | Found a labyrinth entrance.
  3713 | Lab      | Entered a labyrinth
  4243 | Lab      | Noticed a minotaur
  4258 | Lab      | Killed a minotaur
  4267 | Lab      | Learned a level 2 spell: Passwall
  4273 | Lab      | well, most likely a waste of time
  4378 | D:13     | Reached skill level 1 in Earth Magic
  4426 | D:13     | Reached skill level 1 in Transmutations
  4434 | D:13     | Noticed a red ugly thing
  4495 | D:12     | Found a shadowy altar of Dithmenos.
  4534 | D:12     | Reached skill level 2 in Earth Magic
  4925 | D:9      | Reached skill level 2 in Transmutations
  4945 | D:9      | Lost mutation: Your magical capacity is low. (-10% MP) [mutagenic meat]
  4946 | D:9      | Lost mutation: Your muscles are strong. (Str +2) [mutagenic meat]
  5123 | D:8      | Noticed namelastname112's ghost (novice TeVM)
  5134 | D:8      | Killed namelastname112's ghost
  5134 | D:8      | Reached skill level 3 in Earth Magic
  5147 | D:8      | Reached **** piety under Makhleb
  5189 | D:8      | Reached XP level 12. HP: 133/133 MP: 16/16
  5223 | D:8      | Found a staircase to the Lair.
  5243 | D:8      | stupid hidden shit
  5244 | Lair:1   | Entered Level 1 of the Lair of Beasts
  5244 | Lair:1   | Noticed Gastronok
  5260 | Lair:1   | Killed Gastronok
  5260 | Lair:1   | Reached skill level 3 in Transmutations
  5378 | Lair:1   | Reached skill level 4 in Earth Magic
  5896 | Lair:3   | Reached skill level 5 in Earth Magic
  5913 | Lair:3   | Reached skill level 4 in Transmutations
  5929 | Lair:4   | Found a staircase to the Swamp.
  6048 | Lair:4   | Noticed a seven-headed hydra
  6057 | Lair:4   | Killed a seven-headed hydra
  6131 | Lair:4   | Reached skill level 13 in Unarmed Combat
  6332 | Lair:2   | Noticed a six-headed hydra
  6352 | Lair:2   | Killed a six-headed hydra
  6641 | Lair:2   | Learned a level 1 spell: Apportation
  6653 | Lair:2   | Reached skill level 6 in Earth Magic
  6663 | Lair:2   | Found a hole to the Spider Nest.
  6850 | Lair:5   | Noticed a seven-headed hydra
  6851 | Lair:5   | Reached skill level 5 in Transmutations
  6860 | Lair:5   | Noticed Rupert
  6866 | Lair:5   | Paralysed by Rupert for 2 turns
  7061 | Lair:5   | >15 wolves
  7107 | Lair:5   | HP: 16/199 [Rupert/great mace of draining (43)]
  7107 | Lair:5   | Slain by Rupert

Vault maps used:
D:1:      nzn_arrival_settlement
D:2:      lightli_temple_of_fire, minmay_overflow_temple_star_quad, first_bread
D:3:      makhleb_heckhound_becter, tgw_sif, uniq_ijyb
D:4:      marbit_many_paths
D:5:      serial_shops, nicolae_shop_window_shopping, basic_altar,
          grunt_ministairs_9, minivault_5, ashenzari_altar_1
D:6:      cheibrodos_sewer_entry_sluice, st_stairs_13
D:7:      kiku_gazebo_pond_becter, kennysheep_mini, temple_fountains
D:8:      lair_entry_dummy
D:9:      overflow_temple_1_default, serial_shops, kennysheep_mini_moat
D:11:     orc_0_dummy, uniq_nergalle
D:12:     basic_altar
D:13:     grunt_vaults_entry_fortified
D:14:     serial_co_window_serial, co_window_paths_b, co_window_corner_a,
          co_window_paths_a, co_window_corner_a, co_window_corner_a,
          co_window_corner_b, co_window_corner_b, co_window_paths_c,
          co_window_paths_e, co_window_sun, glass_columns_b, glass_columns_c,
          glass_columns_c, david_nohive_1, grunt_dithmenos_smoke_and_mirrors
D:15:     grunt_enter_depths_snipers, lab_entry_generic,
          hangedman_corner_corridor
Lair:1:   minivault_19, grunt_forest_large_clearing_hut, lemuel_fruit_tree,
          serial_bayou_shore_b, uniq_gastronok
Lair:2:   dpeg_oklob_gauntlet, spider_nest_entry_web_field, worms_lemuel
Lair:3:   eino_house_with_fridge
Lair:4:   swamp_mist, serial_bayou_shore_a
Lair:5:   minmay_guarded_unrand_snakebite, grunt_forest_large_clearings,
          lemuel_fruit_fields, uniq_rupert
Lab:      nicolae_lab_stuck
Sewer:    sewer_kobolds

Skill      XL: |  1  2  3  4  5  6  7  8  9 10 11 12 |
---------------+-------------------------------------+-----
Dodging        | 2 4 |  4.8
Unarmed Combat | 3 4 5 6 7 8 9 10 11 12 13 | 13.0
Fighting       | 3 5 6 7 9 |  9.2
Invocations    | 4 7 |  7.2
Earth Magic    | 3 6 |  6.7
Transmutations | 2 5 |  5.3
Spellcasting   | |  1.2
Charms         | |  2.1

Action                   |  1- 3 |  4- 6 |  7- 9 | 10-12 || total
-------------------------+-------+-------+-------+-------++-------
Melee: Unarmed           |    55 |    44 |   208 |   509 ||   816
       Punch             |     1 |       |     4 |    33 ||    38
Throw: Javelin           |       |       |       |     1 ||     1
 Cast: Shroud of Golubri |     2 |     3 |     5 |     6 ||    16
Invok: Lesser Servant of |       |       |       |     8 ||     8
       Minor Destruction |       |       |       |     3 ||     3
 Abil: Evoke Berserk Rag |       |     1 |     4 |    10 ||    15
Evoke: Wand              |       |     2 |       |       ||     2
       Lamp of fire      |       |       |       |     1 ||     1
  Use: Potion            |     2 |       |     1 |     3 ||     6
       Scroll            |       |     4 |     2 |    15 ||    21
 Stab: Sleeping          |     1 |       |       |    13 ||    14
       Invisible         |       |       |       |     1 ||     1
  Eat: Chunk             |     2 |    11 |    11 |    71 ||    95
       Royal jelly       |       |     1 |       |       ||     1
       Fruit             |       |       |     4 |       ||     4
Armor: Robe              |    23 |     3 |    61 |    14 ||   101
       Troll leather arm |       |       |       |   116 ||   116
Dodge: Dodged            |    25 |    15 |   128 |   268 ||   436
